 Dungeon Crawl Stone Soup version 0.21.0-3-g78d12a8 (webtiles) character file.

578 inmateoo the Insei (level 7, -3/46 HPs)
             Began as a Barachi Venom Mage on Jan 9, 2018.
             Was an Initiate of Hepliaklqana.
             Slain by an ogre
             ... wielding a +0 giant spiked club
              (13 damage)
             ... on level 4 of the Dungeon.
             The game lasted 00:07:45 (5464 turns).

inmateoo the Insei (Barachi Venom Mage)             Turns: 5464, Time: 00:07:46

Health: -3/46      AC: 13    Str: 11    XL:     7   Next: 36%
Magic:  10/10      EV:  5    Int: 15    God:    Hepliaklqana [......]
Gold:   66         SH:  0    Dex: 13    Spells: 7/10 levels left

rFire    . . .     SeeInvis .     - Unarmed
rCold    . . .     Gourm    .   (no shield)
rNeg     . . .     Faith    .   g - +0 chain mail
rPois    .         Spirit   .   k - +0 helmet
rElec    .         Reflect  .   a - +1 cloak
rCorr    .         Harm     .   i - +0 pair of gloves
MR       .....                  (no boots)
Stlth    ..........             (no amulet)
HPRegen  0.15/turn              (no ring)
MPRegen  0.12/turn              (no ring)

@: can't hop, slow
A: +LOS, swims, reduced essence, slowness 1, strong legs 1
a: Hop, Recall Ancestor, Ancestor Identity, Renounce Religion


You were on level 4 of the Dungeon.
You worshipped Hepliaklqana.
Hepliaklqana was noncommittal.
You were hungry.

You visited 1 branch of the dungeon, and saw 4 of its levels.

You collected 66 gold pieces.

Inventory:

Hand Weapons
 e - a +2 short sword of speed
Armour
 a - a +1 cloak (worn)
 g - a +0 chain mail (worn)
 i - a +0 pair of gloves (worn)
 k - a +0 helmet (worn)
Jewellery
 h - an uncursed ring of ice
Wands
 n - a wand of iceblast (5)
 r - a wand of enslavement (13)
 v - a wand of paralysis (8)
Scrolls
 d - a scroll of remove curse
 f - 3 scrolls of teleportation
 s - a scroll of enchant weapon
 w - a scroll of magic mapping
Potions
 j - 2 potions of curing
 l - a potion of mutation
 m - a potion of invisibility {unknown}
 o - a potion of berserk rage {unknown}
 p - a potion of brilliance {unknown}
 q - a potion of haste {unknown}
Books
 b - a Young Poisoner's Handbook

   Spells                             Type                      Level
   a - Sting                          Conjuration/Poison           1
   b - Poisonous Vapours              Poison/Air                   2
   c - Mephitic Cloud                 Conjuration/Poison/Air       3
   d - Olgreb's Toxic Radiance        Poison                       4
   e - Venom Bolt                     Conjuration/Poison           5
Comestibles
 c - 7 rations


   Skills:
 + Level 3.2 Fighting
 + Level 3.2 Armour
 - Level 2.1 Dodging
 - Level 1.7 Stealth
 * Level 6.8 Unarmed Combat
 - Level 2.1 Spellcasting
 - Level 1.1 Conjurations
 - Level 3.2 Poison Magic


You had 7 spell levels left.
You knew the following spells:

 Your Spells              Type           Power        Failure   Level  Hunger
a - Sting                 Conj/Pois      #...         99%         1    #......
b - Poisonous Vapours     Pois/Air       #.....       100%        2    ###....


Dungeon Overview and Level Annotations

Branches:
Dungeon (4/15)
 Temple: D:4-7

Altars:
Ashenzari
Hepliaklqana
Makhleb
Ru
Vehumet
Xom


Innate Abilities, Weirdness & Mutations

Shadows flee at your approach. (+LOS)
You can swim through water.
You cover ground slowly.
You can hop short distances.
Your life essence is reduced to manifest your ancestor. (-10% HP)


Message History

An ogre is nearby!
An ogre is nearby!
The ogre hits you but does no damage.
You completely miss the ogre.
The ogre hits you with a giant spiked club!
You punch the ogre!
The ogre is moderately wounded.
Osbert hits the ogre.
You punch the ogre!
The ogre is severely wounded.
The ogre hits you with a giant spiked club!!
Ouch! That really hurt!
* * * LOW HITPOINT WARNING * * *
Osbert barely misses the ogre.
You hit the ogre.
The ogre is severely wounded.
Your chain mail prevents you from hitting the ogre.
The ogre is severely wounded.
The ogre hits you with a giant spiked club!
You die...

*#.....................
######................
#####................
#...#................
###..................
###................
##................
#.................
*#@R...............
*#.O.###...........#
*#....# #.#........#*
*#.....# ######....#*
#...#.## ****** ##.##.#
##,..# *,### ***


You could see the friendly Osbert the ancestor and an ogre.

Vanquished Creatures
  Sigmund (D:4)
  A big kobold (D:4)
  3 orc priests (D:3)
  2 hounds
  Terence (D:2)
  Robin (D:1)
  A gnoll (D:1)
  3 adders
  2 oozes (D:1)
  5 worms
  A leopard gecko (D:3)
  9 orcs
  9 bats
  2 giant cockroaches
  12 goblins
  18 hobgoblins
  2 jackals (D:2)
  A quokka (D:2)
  2 frilled lizards
  9 kobolds
  11 rats
96 creatures vanquished.

Notes
Turn   | Place    | Note
-------+----------+-------------------------------------------
     0 | D:1      | inmateoo the Barachi Venom Mage began the quest for the Orb.
     0 | D:1      | Reached XP level 1. HP: 13/13 MP: 3/3
   289 | D:1      | Reached skill level 1 in Unarmed Combat
   295 | D:1      | Reached skill level 2 in Unarmed Combat
   295 | D:1      | Reached XP level 2. HP: 10/19 MP: 0/5
   343 | D:1      | Learned a level 2 spell: Poisonous Vapours
   530 | D:1      | Reached XP level 3. HP: 13/24 MP: 1/6
   825 | D:1      | Reached skill level 3 in Unarmed Combat
  1207 | D:2      | Noticed Robin
  1889 | D:2      | Found a sacrificial altar of Ru.
  2040 | D:2      | Found a burning altar of Makhleb.
  2060 | D:2      | Reached XP level 4. HP: 20/30 MP: 2/7
  2361 | D:1      | Reached skill level 4 in Unarmed Combat
  2498 | D:1      | Killed Robin
  2962 | D:2      | Noticed Terence
  2981 | D:2      | Killed Terence
  3087 | D:2      | Reached skill level 5 in Unarmed Combat
  3087 | D:2      | Reached XP level 5. HP: 19/35 MP: 8/8
  3939 | D:3      | Reached skill level 1 in Fighting
  3939 | D:3      | Reached skill level 1 in Armour
  4109 | D:3      | Reached XP level 6. HP: 25/43 MP: 9/9
  4774 | D:3      | Reached skill level 6 in Unarmed Combat
  4881 | D:3      | Found a radiant altar of Vehumet.
  4881 | D:3      | Found a shattered altar of Ashenzari.
  5085 | D:4      | Found a shimmering altar of Xom.
  5086 | D:4      | Found a hazy altar of Hepliaklqana.
  5087 | D:4      | Noticed a spectral ugly thing
  5175 | D:4      | Became a worshipper of Hepliaklqana the Forgotten
  5317 | D:4      | Noticed Sigmund
  5328 | D:4      | Killed Sigmund
  5328 | D:4      | Reached XP level 7. HP: 46/46 MP: 10/10
  5464 | D:4      | Slain by an ogre

Skill      XL: |  1  2  3  4  5  6 |
---------------+-------------------+-----
Unarmed Combat | 2 3 5 6 |  6.8
Fighting       | 1 3 |  3.2
Armour         | 1 3 |  3.2
Dodging        | |  2.1
Stealth        | |  1.7
Spellcasting   | |  2.1
Conjurations   | |  1.1
Poison Magic   | |  3.2

Action                   |  1- 3 |  4- 6 |  7- 9 || total
-------------------------+-------+-------+-------++-------
Melee: Unarmed           |    85 |   284 |     7 ||   376
       Punch             |     2 |     3 |       ||     5
       Short sword       |       |    25 |       ||    25
 Cast: Sting             |    31 |    13 |       ||    44
       Poisonous Vapours |     1 |     4 |       ||     5
 Abil: Hop               |     3 |     5 |       ||     8
Evoke: Wand              |       |     5 |       ||     5
  Use: Scroll            |       |     8 |       ||     8
 Stab: Distracted        |     1 |       |       ||     1
       Sleeping          |     1 |       |       ||     1
       Paralysed         |       |     6 |       ||     6
  Eat: Chunk             |     5 |     8 |       ||    13
       Ration            |       |     1 |       ||     1
Armor: Robe              |    12 |    21 |       ||    33
       Chain mail        |       |   204 |     2 ||   206
Dodge: Dodged            |    80 |   101 |       ||   181
